FIQ, neutral male scurrid Tourist ---- ---------...--- ---------.........}...--- ---------..................!....--- ---------..................@..............--- ---------....................M......................--- ---------..t.......B..........................................--- ---------.....x.....t.....[.......F....l.................(G.............--- |.............B.......?..........l....................r...r.!.............| |.}..>....Q....?.....................v.....................``..`...`....}.| |.......................(.............!?./...................h`.`.`.`.....| ---....................!(..................Y.......d.`.......c.c.`--------- ---..........................................x..d.. ....--------- ---.....Oe..........G...........)....l<...l...--------- ---..O.........................o... -------- ---..?........Y.......... ------- ---...}...i.... ------- ---. ------- -- FIQ the Rambler Experience level: 1 Strength: 9 Dexterity: 12 Constitution: 14 Intelligence: 12 Wisdom: 8 Charisma: 19 Health: 0(9) Energy: 2(2) Def: 0 Gold: 269 Moves: 33 Dungeon seed: TkNPEryChKy-2ejX Game ID: FIQ_1498601845 Your Inventory: Coins $ - 269 gold pieces Weapons a - 44 uncursed +2 darts (in quiver) Armor n - an uncursed +0 Hawaiian shirt (being worn) Comestibles b - 9 uncursed food rations c - an uncursed chestnut d - 2 uncursed fortune cookies Scrolls f - 2 uncursed scrolls of magic mapping g - 2 blessed scrolls of magic mapping Potions e - 2 uncursed potions of extra healing Wands j - an uncursed wand of secret door detection (0:11) Tools h - an uncursed expensive camera (0:99) i - an uncursed credit card k - an uncursed leash Spells and supernatural/magical abilities: Name Level Category Fail Memory W - pray for help -- divine ? -- Your skills at the end: Miscellaneous Skills wands [Basic] Weapon Skills dart [Basic] Spellcasting Skills Final Attributes: You were devoutly aligned. You had infravision. You were very stealthy. You are dead. Vanquished creatures: a gecko Voluntary challenges: You went without food. You did not adorn yourself with jewelry or accessories. You did not cause conflict. You were not invisible. You did not have reflection. You were not displaced. You were an atheist. You never hit with a wielded weapon. You were a pacifist. You did not use tools. You did not use plumbed fixtures. You did not drink any magical draughts. You were illiterate. You never genocided any monsters. You never polymorphed an object. You never changed form. You used no wishes. You never split a pudding. You never wrote Elbereth's name. You never violated your personal moral code. Dungeon overview: The Dungeons of Doom: levels 1 to 14 Level 1 a long staircase Level 2 Level 3 Level 4 Level 5 Level 6 a fountain Level 7 Level 8 Level 9 Level 10 a long staircase Level 11 Level 12 Level 13 Level 14 <- You were here History has recorded: On T:1 you entered the Dungeons of Doom to retrieve the Amulet of Yendor! On T:4 you reached level 2 of The Dungeons of Doom. On T:6 you reached level 3 of The Dungeons of Doom. On T:8 you reached level 4 of The Dungeons of Doom. On T:10 you reached level 5 of The Dungeons of Doom. On T:13 you reached level 6 of The Dungeons of Doom. On T:15 you reached level 7 of The Dungeons of Doom. On T:17 you reached level 8 of The Dungeons of Doom. On T:19 you reached level 9 of The Dungeons of Doom. On T:22 you reached level 10 of The Dungeons of Doom. On T:25 you reached level 11 of The Dungeons of Doom. On T:28 you reached level 12 of The Dungeons of Doom. On T:30 you reached level 13 of The Dungeons of Doom. On T:32 you reached level 14 of The Dungeons of Doom. Score breakdown: Gold: 20 ( 2 points) Experience: 1 level ( 0 points) Exploration: 14 levels ( 390 points) Discoveries: 0 items ( 0 points) Variety of kills: 1 monster ( 50 points) Major goal: (nothing yet) ( 0 points) Survival: died (score multiplied by 3) Total score: 1326 Latest messages: You continue digging downward. You dig a pit in the floor. You continue digging downward. You dig a hole through the floor. You fall through... You start digging downward. You continue digging downward. You dig a pit in the floor. You continue digging downward. You dig a hole through the floor. You fall through... You start digging downward. You continue digging downward. You dig a pit in the floor. You continue digging downward. You dig a hole through the floor. You fall through... You start digging downward. You continue digging downward. You dig a pit in the floor. You continue digging downward. You dig a hole through the floor. You fall through... You start digging downward. The freezing sphere explodes! You duck some of the blast. You die... Final status: Aloha FIQ the Tourist, killed by a freezing sphere... You died in The Dungeons of Doom on dungeon level 14 with 1326 points, and 269 pieces of gold, after 33 moves. You were level 1 with a maximum of 9 hit points when you died.